General information
- name: BNet
- type: Ladder team game (AT/RT)
- host: Battle.net
- saver: iNT]DOGANDHORSE
map: FullScaleAssault
- players: 8
- length: 31:22
- speed: Fast
- version: 1.21 W3XP
- replay type:

» download(257 KB)
Players
team 1 (loser)

»
LoRd-MaStEr-xDc (
yellow | 47 APM | 1444 actions | 30:25)
4 Mountain King
2 Storm Bolt
2 Bash
» actions
| Assign group hotkey | 12 | |
| Basic commands | 1 | |
| Build / train | 104 | |
| Enter build submenu | 25 | |
| Enter hero's abilities submenu | 5 | |
| Give item / drop item | 1 | |
| Remove unit from queue | 5 | |
| Right click | 679 | |
| Select / deselect | 389 | |
| Select group hotkey | 113 | |
| Use ability | 110 | |
1444 total
» units
| Peasant | 21 | |
| Troll Batrider | 5 | |
| Demolisher | 1 | |
| Tauren | 1 | |
| Troll Witch Doctor | 1 | |
| Shaman | 1 | |
| Flying Machine | 25 | |
55 total
» upgrades
| Liquid Fire | 1 | |
| Ranged Weapons | 1 | |
| Burning Oil | 1 | |
| Gunpowder | 3 | |
| Plating | 3 | |
| Flak Cannons | 1 | |
| Flying Machine Bombs | 1 | |
| Reinforced Defenses | 1 | |
12 total
» buildings
| Altar of Kings | 1 | |
| Farm | 9 | |
| Lumber Mill | 1 | |
| Scout Tower | 18 | |
| Guard Tower | 19 | |
| Arcane Tower | 3 | |
| Arcane Vault | 1 | |
| Beastiary | 2 | |
| Orc Burrow | 1 | |
| Keep | 2 | |
| Blacksmith | 1 | |
| Workshop | 3 | |
| Castle | 1 | |
| Town Hall | 1 | |
63 total
» build order
00:06 Altar of Kings
00:24 Farm
02:13 Lumber Mill
02:17 Scout Tower
04:14 Scout Tower
04:52 Farm
05:00 Scout Tower
05:01 Scout Tower
05:01 Scout Tower
05:03 Scout Tower
05:04 Scout Tower
05:05 Scout Tower
05:40 Scout Tower
05:40 Scout Tower
05:41 Scout Tower
05:46 Guard Tower
05:47 Arcane Tower
06:03 Guard Tower
06:20 Arcane Tower
06:25 Guard Tower
06:54 Guard Tower
06:57 Guard Tower
07:00 Guard Tower
07:00 Guard Tower
07:00 Guard Tower
07:32 Guard Tower
07:36 Guard Tower
09:19 Arcane Vault
11:59 Beastiary
12:02 Beastiary
12:06 Orc Burrow
17:03 Keep
17:41 Blacksmith
18:36 Farm
18:38 Farm
18:40 Farm
18:44 Farm
19:42 Workshop
19:43 Workshop
19:44 Workshop
19:55 Farm
19:55 Farm
19:56 Farm
20:22 Castle
20:42 Town Hall
20:46 Scout Tower
20:51 Scout Tower
20:52 Scout Tower
20:54 Scout Tower
21:33 Arcane Tower
22:09 Guard Tower
22:09 Guard Tower
22:11 Guard Tower
22:13 Guard Tower
22:13 Guard Tower
22:13 Guard Tower
23:13 Scout Tower
23:16 Scout Tower
23:17 Scout Tower
» items
| Staff of Teleportation | 1 | |
| Boots of Speed | 1 | |
2 total
mOoOgY (
pink | 86 APM | 2651 actions | 30:41)
5 Death Knight
3 Death Coil
2 Unholy Aura
4 Lich
2 Frost Nova
2 Frost Armor
3 Crypt Lord
2 Impale
1 Spiked Carapace
» actions
| Assign group hotkey | 193 | |
| Basic commands | 182 | |
| Build / train | 78 | |
| Enter build submenu | 24 | |
| Enter hero's abilities submenu | 12 | |
| Give item / drop item | 3 | |
| Right click | 525 | |
| Select / deselect | 246 | |
| Select group hotkey | 1253 | |
| Use ability | 135 | |
2651 total
» units
| Acolyte | 16 | |
| Ghoul | 2 | |
| Crypt Fiend | 9 | |
| Frost Wyrm | 12 | |
| Goblin Zeppelin | 3 | |
42 total
» upgrades
| Web | 1 | |
| Creature Attack | 3 | |
| Creature Carapace | 2 | |
| Freezing Breath | 1 | |
7 total
» buildings
| Crypt | 1 | |
| Graveyard | 1 | |
| Ziggurat | 32 | |
| Altar of Darkness | 1 | |
| Tomb of Relics | 1 | |
| Nerubian Tower | 1 | |
| Halls of the Dead | 1 | |
| Black Citadel | 1 | |
| Sacrificial Pit | 1 | |
| Boneyard | 3 | |
| Spirit Tower | 1 | |
| Necropolis | 1 | |
45 total
» build order
00:22 Crypt
00:23 Graveyard
00:25 Ziggurat
00:36 Altar of Darkness
00:46 Ziggurat
00:55 Tomb of Relics
01:43 Nerubian Tower
02:03 Halls of the Dead
02:18 Ziggurat
04:14 Ziggurat
04:26 Black Citadel
05:34 Sacrificial Pit
05:57 Ziggurat
06:52 Boneyard
06:53 Boneyard
06:55 Boneyard
07:44 Ziggurat
07:46 Ziggurat
08:45 Ziggurat
08:45 Ziggurat
26:30 Ziggurat
26:30 Ziggurat
26:31 Ziggurat
26:32 Ziggurat
26:32 Ziggurat
26:33 Ziggurat
26:34 Ziggurat
26:35 Ziggurat
26:36 Ziggurat
26:37 Ziggurat
26:54 Ziggurat
26:55 Ziggurat
26:55 Ziggurat
26:56 Ziggurat
26:56 Ziggurat
26:56 Ziggurat
26:56 Ziggurat
26:57 Ziggurat
26:57 Ziggurat
26:57 Ziggurat
30:25 Spirit Tower
30:27 Necropolis
» items
| Rod of Necromancy | 4 | |
| Scroll of Town Portal | 1 | |
5 total
Pretpakket (
blue | 113 APM | 1287 actions | 11:23)
3 Blademaster
2 Wind Walk
1 Critical Strike
» actions
| Assign group hotkey | 35 | |
| Basic commands | 27 | |
| Build / train | 54 | |
| Enter build submenu | 17 | |
| Enter hero's abilities submenu | 3 | |
| Give item / drop item | 6 | |
| Right click | 589 | |
| Select / deselect | 177 | |
| Select group hotkey | 338 | |
| Use ability | 41 | |
1287 total
» units
| Peon | 13 | |
| Grunt | 4 | |
| Demolisher | 4 | |
| Troll Witch Doctor | 3 | |
| Tauren | 1 | |
25 total
» upgrades
| Witch Doctor Training | 2 | |
| Shaman Training | 2 | |
| Armor | 1 | |
| Pulverize | 1 | |
6 total
» buildings
| Altar of Storms | 1 | |
| Orc Burrow | 5 | |
| Barracks | 1 | |
| Voodoo Lounge | 1 | |
| Great Hall | 1 | |
| Stronghold | 1 | |
| War Mill | 1 | |
| Spirit Lodge | 2 | |
| Fortress | 1 | |
| Tauren Totem | 2 | |
16 total
» build order
00:05 Altar of Storms
00:21 Orc Burrow
00:37 Barracks
01:30 Orc Burrow
02:00 Voodoo Lounge
03:49 Great Hall
03:51 Stronghold
05:19 Orc Burrow
05:25 War Mill
06:13 Spirit Lodge
06:15 Fortress
07:50 Spirit Lodge
07:56 Orc Burrow
07:56 Orc Burrow
09:46 Tauren Totem
09:48 Tauren Totem
» items
| Boots of Speed | 1 | |
| Healing Salve | 3 | |
| Lesser Clarity Potion | 4 | |
| Potion of Mana | 1 | |
| Potion of Healing | 3 | |
| Staff of Teleportation | 1 | |
| Orb of Lightning | 1 | |
14 total
slaVIk.rus (
green | 103 APM | 3216 actions | 31:20)
6 Death Knight
3 Death Coil
2 Unholy Aura
1 Animate Dead
1 Blademaster
1 Critical Strike
» actions
| Assign group hotkey | 31 | |
| Basic commands | 68 | |
| Build / train | 135 | |
| Enter build submenu | 27 | |
| Enter hero's abilities submenu | 7 | |
| Give item / drop item | 4 | |
| Remove unit from queue | 9 | |
| Right click | 1455 | |
| Select / deselect | 209 | |
| Select group hotkey | 1187 | |
| Use ability | 84 | |
3216 total
» units
| Acolyte | 12 | |
| Ghoul | 5 | |
| Crypt Fiend | 14 | |
| Frost Wyrm | 22 | |
| Troll Batrider | 15 | |
| Demolisher | 2 | |
| Tauren | 2 | |
| Blue Dragon | 1 | |
| Siege Engine | 6 | |
79 total
» upgrades
| Creature Attack | 1 | |
| Ghoul Frenzy | 1 | |
| Web | 1 | |
| Freezing Breath | 1 | |
| Creature Carapace | 3 | |
| Armor | 1 | |
| Ranged Weapons | 1 | |
| Reinforced Defenses | 0 | |
| Melee Weapons | 1 | |
10 total
» buildings
| Crypt | 1 | |
| Graveyard | 1 | |
| Ziggurat | 12 | |
| Altar of Darkness | 1 | |
| Tomb of Relics | 1 | |
| Halls of the Dead | 2 | |
| Black Citadel | 4 | |
| Sacrificial Pit | 1 | |
| Boneyard | 2 | |
| Orc Burrow | 3 | |
| Spirit Tower | 6 | |
34 total
» build order
00:15 Crypt
00:16 Graveyard
00:38 Ziggurat
00:57 Altar of Darkness
01:10 Tomb of Relics
01:39 Ziggurat
04:03 Halls of the Dead
04:03 Halls of the Dead
05:00 Ziggurat
05:01 Ziggurat
05:43 Ziggurat
06:41 Black Citadel
06:41 Black Citadel
06:41 Black Citadel
07:19 Sacrificial Pit
07:20 Ziggurat
08:37 Ziggurat
09:02 Boneyard
09:03 Boneyard
09:18 Ziggurat
09:19 Ziggurat
12:05 Orc Burrow
12:07 Orc Burrow
12:09 Orc Burrow
20:38 Ziggurat
20:38 Ziggurat
21:25 Ziggurat
21:34 Spirit Tower
21:39 Spirit Tower
23:28 Spirit Tower
23:28 Spirit Tower
23:29 Spirit Tower
» items
| Rod of Necromancy | 4 | |
| Dust of Appearance | 1 | |
| Periapt of Vitality | 1 | |
| Scroll of Protection | 1 | |
| Potion of Lesser Invulnerability | 1 | |
| Scroll of Town Portal | 2 | |
10 total
team 2 (winner)
Gobiner (
orange | 52 APM | 1643 actions | 31:21)
5 Blademaster
3 Wind Walk
2 Critical Strike
» actions
| Assign group hotkey | 13 | |
| Basic commands | 24 | |
| Build / train | 72 | |
| Enter build submenu | 42 | |
| Enter hero's abilities submenu | 6 | |
| Give item / drop item | 16 | |
| Right click | 683 | |
| Select / deselect | 232 | |
| Select group hotkey | 370 | |
| Use ability | 185 | |
1643 total
» units
| Peon | 19 | |
| Troll Batrider | 20 | |
| Goblin Shredder | 2 | |
| Goblin Zeppelin | 1 | |
42 total
» upgrades
| Liquid Fire | 1 | |
| Reinforced Defenses | 1 | |
| Ranged Weapons | 2 | |
| Armor | 1 | |
| Spiked Barricades | 1 | |
6 total
» buildings
| Altar of Storms | 1 | |
| Orc Burrow | 4 | |
| War Mill | 2 | |
| Watch Tower | 53 | |
| Voodoo Lounge | 3 | |
| Stronghold | 5 | |
| Fortress | 1 | |
| Beastiary | 2 | |
| Great Hall | 1 | |
72 total
» build order
00:08 Altar of Storms
00:19 Orc Burrow
00:31 War Mill
01:44 Watch Tower
02:06 Orc Burrow
02:32 Watch Tower
02:46 Watch Tower
03:28 Voodoo Lounge
03:39 Watch Tower
03:44 Watch Tower
04:48 Watch Tower
04:52 Watch Tower
04:55 Stronghold
04:58 Stronghold
04:59 Stronghold
04:59 Stronghold
04:59 Stronghold
05:15 Watch Tower
06:27 Voodoo Lounge
06:39 Watch Tower
06:39 Watch Tower
06:42 Watch Tower
07:22 Watch Tower
07:28 Fortress
08:05 Beastiary
08:06 Beastiary
08:53 Watch Tower
09:00 Voodoo Lounge
09:14 Watch Tower
09:14 Watch Tower
09:48 Orc Burrow
09:49 Orc Burrow
10:28 Watch Tower
10:29 Watch Tower
10:30 Watch Tower
12:36 Watch Tower
12:37 Watch Tower
12:38 Watch Tower
12:39 Watch Tower
12:40 Watch Tower
12:41 Watch Tower
13:16 Great Hall
13:55 Watch Tower
14:00 Watch Tower
14:00 Watch Tower
14:00 Watch Tower
14:01 Watch Tower
14:01 Watch Tower
14:01 Watch Tower
14:03 Watch Tower
14:04 Watch Tower
14:05 Watch Tower
14:05 Watch Tower
14:06 Watch Tower
15:41 Watch Tower
15:43 Watch Tower
16:04 War Mill
16:26 Watch Tower
16:27 Watch Tower
16:27 Watch Tower
16:28 Watch Tower
16:29 Watch Tower
16:30 Watch Tower
20:11 Watch Tower
20:12 Watch Tower
20:13 Watch Tower
20:13 Watch Tower
22:44 Watch Tower
22:45 Watch Tower
22:46 Watch Tower
22:48 Watch Tower
22:49 Watch Tower
» items
| Boots of Speed | 1 | |
| Staff of Teleportation | 1 | |
| Lesser Clarity Potion | 5 | |
| Healing Salve | 2 | |
| Potion of Mana | 1 | |
| Orb of Lightning | 1 | |
11 total
iNT]DOGANDHORSE (
purple | 83 APM | 2594 actions | 31:22)
4 Archmage
2 Blizzard
2 Brilliance Aura
2 Mountain King
1 Storm Bolt
1 Bash
» actions
| Assign group hotkey | 9 | |
| Basic commands | 7 | |
| Build / train | 136 | |
| Enter build submenu | 107 | |
| Enter hero's abilities submenu | 7 | |
| Give item / drop item | 2 | |
| Remove unit from queue | 10 | |
| Right click | 1078 | |
| Select / deselect | 487 | |
| Select group hotkey | 543 | |
| Use ability | 207 | |
2594 total
» units
| Peasant | 16 | |
| Goblin Shredder | 1 | |
| Dragonhawk Rider | 8 | |
| Goblin Zeppelin | 2 | |
27 total
» upgrades
| Masonry | 3 | |
| Lumber Harvesting | 2 | |
| Magic Sentry | 1 | |
| Swords | 3 | |
| Armor | 3 | |
| Animal War Training | 1 | |
| Cloud | 1 | |
14 total
» buildings
| Altar of Kings | 1 | |
| Farm | 5 | |
| Lumber Mill | 4 | |
| Scout Tower | 125 | |
| Arcane Tower | 4 | |
| Guard Tower | 60 | |
| Keep | 1 | |
| Arcane Sanctum | 1 | |
| Town Hall | 4 | |
| Gryphon Aviary | 2 | |
| Arcane Vault | 4 | |
| Castle | 3 | |
| Blacksmith | 1 | |
| Barracks | 1 | |
216 total
» build order
00:13 Altar of Kings
00:19 Farm
00:53 Lumber Mill
00:54 Lumber Mill
01:09 Lumber Mill
01:29 Farm
01:47 Scout Tower
01:50 Scout Tower
02:14 Arcane Tower
02:14 Arcane Tower
02:16 Guard Tower
02:16 Guard Tower
02:24 Scout Tower
02:26 Scout Tower
02:51 Guard Tower
02:53 Guard Tower
03:00 Scout Tower
03:02 Scout Tower
03:27 Guard Tower
03:29 Guard Tower
03:31 Scout Tower
03:32 Scout Tower
04:02 Guard Tower
04:03 Scout Tower
04:18 Scout Tower
04:19 Scout Tower
04:27 Keep
04:47 Guard Tower
04:47 Guard Tower
04:50 Scout Tower
04:51 Scout Tower
05:05 Scout Tower
05:06 Scout Tower
05:08 Scout Tower
05:08 Scout Tower
05:10 Scout Tower
05:11 Scout Tower
05:12 Scout Tower
05:20 Guard Tower
05:20 Guard Tower
05:23 Scout Tower
05:24 Scout Tower
05:30 Scout Tower
05:38 Arcane Tower
05:43 Farm
05:56 Guard Tower
05:56 Guard Tower
05:56 Guard Tower
05:59 Scout Tower
06:00 Guard Tower
06:02 Scout Tower
06:27 Guard Tower
06:31 Guard Tower
06:32 Guard Tower
06:33 Scout Tower
06:34 Scout Tower
07:04 Guard Tower
07:19 Guard Tower
07:25 Arcane Sanctum
07:29 Scout Tower
07:33 Scout Tower
08:11 Scout Tower
08:12 Scout Tower
08:32 Town Hall
08:40 Guard Tower
08:47 Guard Tower
08:51 Guard Tower
08:51 Guard Tower
08:54 Scout Tower
08:54 Scout Tower
09:27 Scout Tower
09:32 Scout Tower
09:50 Scout Tower
10:00 Scout Tower
10:01 Scout Tower
10:03 Scout Tower
10:07 Guard Tower
10:08 Scout Tower
10:09 Scout Tower
10:20 Gryphon Aviary
10:26 Guard Tower
10:35 Guard Tower
10:43 Lumber Mill
10:45 Guard Tower
11:10 Guard Tower
11:14 Guard Tower
11:51 Guard Tower
12:07 Guard Tower
12:10 Scout Tower
12:11 Scout Tower
12:36 Arcane Vault
12:55 Castle
12:56 Castle
13:15 Guard Tower
13:47 Farm
13:47 Farm
13:57 Gryphon Aviary
14:01 Blacksmith
14:02 Barracks
15:14 Scout Tower
15:15 Scout Tower
15:15 Scout Tower
15:17 Scout Tower
15:18 Scout Tower
16:47 Guard Tower
17:05 Guard Tower
17:59 Arcane Vault
18:21 Scout Tower
18:22 Scout Tower
18:24 Scout Tower
18:25 Scout Tower
18:56 Arcane Tower
19:19 Scout Tower
19:19 Scout Tower
19:21 Guard Tower
20:01 Guard Tower
20:18 Guard Tower
20:20 Scout Tower
20:21 Scout Tower
20:27 Town Hall
20:31 Scout Tower
20:32 Scout Tower
20:33 Scout Tower
20:34 Scout Tower
20:35 Scout Tower
20:36 Scout Tower
20:37 Scout Tower
20:38 Scout Tower
20:39 Scout Tower
20:40 Scout Tower
20:41 Scout Tower
20:42 Scout Tower
20:43 Scout Tower
20:43 Scout Tower
20:51 Arcane Vault
21:00 Guard Tower
21:01 Guard Tower
21:05 Town Hall
21:20 Guard Tower
21:40 Scout Tower
21:41 Scout Tower
21:42 Scout Tower
21:43 Scout Tower
21:44 Scout Tower
21:45 Scout Tower
22:00 Scout Tower
22:01 Scout Tower
22:02 Scout Tower
22:03 Scout Tower
22:56 Guard Tower
23:00 Scout Tower
23:02 Scout Tower
23:03 Scout Tower
23:04 Scout Tower
23:05 Scout Tower
23:20 Guard Tower
23:23 Guard Tower
23:56 Guard Tower
24:58 Guard Tower
25:04 Scout Tower
25:05 Scout Tower
25:06 Scout Tower
25:07 Scout Tower
25:08 Scout Tower
25:19 Guard Tower
25:34 Guard Tower
25:36 Guard Tower
25:40 Arcane Vault
26:00 Guard Tower
26:10 Scout Tower
26:11 Scout Tower
26:12 Scout Tower
26:13 Scout Tower
26:28 Guard Tower
26:33 Scout Tower
26:35 Scout Tower
26:36 Scout Tower
26:37 Scout Tower
26:38 Scout Tower
26:41 Guard Tower
27:01 Guard Tower
27:16 Guard Tower
27:20 Scout Tower
27:21 Scout Tower
27:22 Scout Tower
28:08 Guard Tower
28:10 Scout Tower
28:11 Scout Tower
28:13 Scout Tower
28:14 Scout Tower
28:14 Scout Tower
28:16 Scout Tower
28:19 Guard Tower
28:29 Town Hall
28:34 Scout Tower
28:35 Scout Tower
28:37 Scout Tower
28:38 Scout Tower
28:39 Scout Tower
28:40 Scout Tower
28:41 Scout Tower
28:43 Scout Tower
28:44 Scout Tower
28:46 Scout Tower
28:47 Scout Tower
28:49 Scout Tower
28:50 Scout Tower
29:12 Guard Tower
29:56 Guard Tower
30:50 Guard Tower
30:55 Scout Tower
30:56 Scout Tower
30:56 Scout Tower
30:57 Scout Tower
» items
| Staff of Teleportation | 1 | |
| Lesser Clarity Potion | 1 | |
| Healing Salve | 1 | |
| Orb of Lightning | 2 | |
| Staff of Sanctuary | 2 | |
| Scroll of Town Portal | 1 | |
8 total

»
nutsonyochin.DE (
teal | 122 APM | 3825 actions | 31:21)
5 Death Knight
3 Death Coil
2 Unholy Aura
5 Lich
3 Frost Nova
2 Frost Armor
» actions
| Assign group hotkey | 31 | |
| Basic commands | 48 | |
| Build / train | 86 | |
| ESC pressed | 3 | |
| Enter build submenu | 23 | |
| Enter hero's abilities submenu | 10 | |
| Give item / drop item | 11 | |
| Right click | 1484 | |
| Select / deselect | 326 | |
| Select group hotkey | 1691 | |
| Use ability | 112 | |
3825 total
» units
| Acolyte | 15 | |
| Ghoul | 3 | |
| Crypt Fiend | 8 | |
| Obsidian Statue | 10 | |
| Goblin Zeppelin | 1 | |
| Frost Wyrm | 2 | |
| Goblin Shredder | 1 | |
40 total
» upgrades
| Creature Attack | 3 | |
| Web | 1 | |
| Creature Carapace | 3 | |
| Destroyer Form | 1 | |
| Freezing Breath | 1 | |
9 total
» buildings
| Graveyard | 1 | |
| Crypt | 1 | |
| Ziggurat | 8 | |
| Altar of Darkness | 1 | |
| Necropolis | 1 | |
| Halls of the Dead | 5 | |
| Spirit Tower | 2 | |
| Slaughterhouse | 2 | |
| Sacrificial Pit | 1 | |
| Tomb of Relics | 1 | |
| Black Citadel | 1 | |
| Nerubian Tower | 2 | |
| Boneyard | 1 | |
27 total
» build order
00:07 Graveyard
00:10 Crypt
00:29 Ziggurat
01:00 Altar of Darkness
01:54 Ziggurat
04:06 Necropolis
05:11 Halls of the Dead
05:11 Halls of the Dead
05:11 Halls of the Dead
05:11 Halls of the Dead
05:44 Ziggurat
05:45 Ziggurat
06:44 Spirit Tower
08:14 Slaughterhouse
08:25 Sacrificial Pit
08:49 Tomb of Relics
09:44 Ziggurat
09:49 Black Citadel
09:51 Nerubian Tower
09:52 Spirit Tower
11:13 Ziggurat
11:16 Ziggurat
11:23 Nerubian Tower
12:50 Boneyard
13:42 Slaughterhouse
15:36 Ziggurat
» items
| Boots of Speed | 2 | |
| Scroll of Town Portal | 6 | |
| Orb of Corruption | 1 | |
| Potion of Healing | 3 | |
| Scroll of Regeneration | 1 | |
| Orb of Lightning | 1 | |
| Healing Salve | 1 | |
15 total
westonb (
red | 48 APM | 1506 actions | 31:21)
3 Archmage
2 Blizzard
1 Brilliance Aura
3 Paladin
1 Holy Light
2 Divine Shield
2 Blood Mage
1 Flame Strike
1 Siphon Mana
» actions
| Assign group hotkey | 3 | |
| Basic commands | 23 | |
| Build / train | 88 | |
| ESC pressed | 12 | |
| Enter build submenu | 39 | |
| Enter hero's abilities submenu | 8 | |
| Give item / drop item | 6 | |
| Right click | 734 | |
| Select / deselect | 380 | |
| Select group hotkey | 49 | |
| Use ability | 164 | |
1506 total
» units
| Peasant | 17 | |
| Dragonhawk Rider | 3 | |
20 total
» upgrades
| Masonry | 1 | |
| Magic Sentry | 1 | |
| Sorceress Training | 2 | |
| Priest Training | 2 | |
| Gunpowder | 3 | |
| Armor | 3 | |
| Cloud | 1 | |
13 total
» buildings
| Altar of Kings | 1 | |
| Farm | 6 | |
| Lumber Mill | 2 | |
| Scout Tower | 63 | |
| Guard Tower | 28 | |
| Keep | 1 | |
| Town Hall | 2 | |
| Gryphon Aviary | 2 | |
| Arcane Sanctum | 1 | |
| Blacksmith | 1 | |
| Castle | 1 | |
| Arcane Vault | 1 | |
| Arcane Tower | 1 | |
110 total
» build order
00:05 Altar of Kings
00:07 Farm
00:40 Lumber Mill
01:16 Scout Tower
01:26 Scout Tower
01:52 Guard Tower
01:54 Scout Tower
02:05 Scout Tower
02:34 Scout Tower
02:44 Scout Tower
02:58 Farm
03:09 Scout Tower
03:27 Guard Tower
03:29 Scout Tower
03:31 Guard Tower
03:43 Scout Tower
03:44 Guard Tower
04:15 Guard Tower
04:23 Scout Tower
04:26 Scout Tower
04:42 Guard Tower
04:57 Guard Tower
05:00 Scout Tower
05:35 Guard Tower
05:59 Scout Tower
06:00 Scout Tower
06:03 Guard Tower
06:07 Keep
06:10 Scout Tower
07:13 Guard Tower
07:16 Town Hall
07:23 Scout Tower
07:55 Scout Tower
07:57 Scout Tower
07:58 Scout Tower
08:54 Farm
08:56 Farm
08:59 Gryphon Aviary
09:02 Arcane Sanctum
09:09 Blacksmith
09:12 Castle
09:55 Guard Tower
09:59 Scout Tower
10:02 Guard Tower
10:17 Farm
10:18 Farm
10:41 Guard Tower
10:43 Scout Tower
11:21 Arcane Vault
11:29 Scout Tower
11:38 Arcane Tower
12:46 Guard Tower
12:56 Gryphon Aviary
16:50 Scout Tower
16:51 Scout Tower
16:51 Scout Tower
16:53 Scout Tower
17:43 Guard Tower
17:47 Scout Tower
17:48 Scout Tower
17:50 Scout Tower
17:51 Scout Tower
17:52 Scout Tower
17:53 Scout Tower
20:06 Guard Tower
20:13 Guard Tower
20:19 Scout Tower
20:21 Scout Tower
20:22 Scout Tower
20:24 Scout Tower
20:25 Scout Tower
20:26 Scout Tower
20:31 Guard Tower
20:35 Scout Tower
20:36 Scout Tower
20:38 Scout Tower
20:39 Scout Tower
20:40 Scout Tower
20:41 Scout Tower
21:07 Guard Tower
21:10 Guard Tower
22:28 Guard Tower
22:31 Guard Tower
23:05 Guard Tower
23:09 Lumber Mill
23:12 Guard Tower
28:56 Scout Tower
28:57 Scout Tower
28:59 Scout Tower
29:03 Scout Tower
29:03 Scout Tower
29:05 Scout Tower
29:11 Scout Tower
29:13 Scout Tower
29:14 Scout Tower
29:15 Scout Tower
29:16 Scout Tower
29:17 Scout Tower
29:21 Scout Tower
29:22 Scout Tower
29:23 Scout Tower
29:24 Scout Tower
29:26 Scout Tower
29:27 Scout Tower
29:29 Guard Tower
29:40 Guard Tower
31:10 Guard Tower
31:15 Town Hall
31:16 Guard Tower
» items
| Healing Salve | 1 | |
| Lesser Clarity Potion | 1 | |
| Staff of Teleportation | 3 | |
| Boots of Speed | 3 | |
| Staff of Sanctuary | 3 | |
| Potion of Healing | 1 | |
| Orb of Lightning | 1 | |
13 total
Chat log
(00:17 / All) Pretpakket: JV TELLEMENT TE PETER LE CUL QTU VA CRIER TOUTE LA NUIT
(00:25 / All) nutsonyochin.DE: no shut the fuck up bitch
(00:28 / All) LoRd-MaStEr-xDc: ta une blague stp ?
(00:35 / All) nutsonyochin.DE: surrender retard
(01:00 / All) Pretpakket: TU VA CHIALER TOUTES LES LARMES DE TON CORPS TELLEMENT CA VA TE FAIRE MAL
(01:09 / All) nutsonyochin.DE: english retard we in america
(01:10 / All) LoRd-MaStEr-xDc: merci de te la fermer =)
(03:53 / All) slaVIk.rus: feeder and mh ;) n1
(04:01 / All) Gobiner: ty
(04:06 / All) slaVIk.rus: np
(04:46 / All) slaVIk.rus: XD
(04:49 / All) slaVIk.rus: haha
(09:23 / Allies) westonb: ty for this tower
(11:23 / All) nutsonyochin.DE: http://highper.ch/p/gglowned1.png
(11:26 / All) iNT]DOGANDHORSE: ty for free win
(11:27 / All) iNT]DOGANDHORSE: GG
(16:08 / Allies) Gobiner: lumber
(25:17 / All) mOoOgY: how can u be such noobs.
(27:12 / All) Gobiner: two levels
(27:13 / All) Gobiner: thanks
(27:23 / All) slaVIk.rus: np u motherfucker
(27:30 / All) slaVIk.rus: play towerwars
(27:37 / All) iNT]DOGANDHORSE: correct
(27:50 / All) Gobiner: its more like we're winning towerwars
(27:59 / All) Gobiner: playing makes it sound lke you have a chance
(28:14 / All) slaVIk.rus: shut your fucking mouth
(28:20 / All) iNT]DOGANDHORSE: my mouth closed
(28:21 / All) nutsonyochin.DE: LOL EURO TRASH NOOB ANMG4ERYE
(28:23 / All) iNT]DOGANDHORSE: im typing
(28:25 / All) Gobiner: I don't take orders rom shitnoobs
(28:35 / All) slaVIk.rus: i will rape you motherfucker
(28:46 / All) slaVIk.rus: come here to me and i punch your face like nothing you noob
(28:52 / All) iNT]DOGANDHORSE: in fucking russia?
(28:54 / All) iNT]DOGANDHORSE: no thanks
(28:57 / All) iNT]DOGANDHORSE: siberian filth
(28:58 / All) slaVIk.rus: ye come here
(29:01 / All) Gobiner: typical, make me do the work for your internet tough guy routine
(29:03 / All) slaVIk.rus: youre a dead noob
(29:07 / All) iNT]DOGANDHORSE: i'm in canada (worlds largest country) stfu
(29:09 / All) slaVIk.rus: ohhhhh
(29:19 / All) slaVIk.rus: russia rape you litte slut
(29:29 / All) slaVIk.rus: lol tower tower tower
(29:34 / All) iNT]DOGANDHORSE: how ur rubels?
(29:36 / All) iNT]DOGANDHORSE: bad?
(29:37 / All) iNT]DOGANDHORSE: Yea
(29:57 / All) nutsonyochin.DE: LOL
(30:06 / All) iNT]DOGANDHORSE: WOW
(30:08 / All) iNT]DOGANDHORSE: WOW!!!!!!!!!!!!!!!!!!!!!!
(30:09 / All) Gobiner: nice work
(30:10 / All) iNT]DOGANDHORSE: NOOB!
(30:11 / All) iNT]DOGANDHORSE: quit
(30:13 / All) iNT]DOGANDHORSE: quit the game
(30:14 / All) iNT]DOGANDHORSE: quit
(30:16 / All) iNT]DOGANDHORSE: leave
(30:16 / All) slaVIk.rus: this is no game
(30:34 / All) iNT]DOGANDHORSE: thank u
(30:35 / All) iNT]DOGANDHORSE: rest of u?
(30:38 / All) iNT]DOGANDHORSE: leave
(30:39 / All) iNT]DOGANDHORSE: russian scum
(30:43 / All) iNT]DOGANDHORSE: Yep
(30:44 / All) slaVIk.rus: fu noob
(30:45 / All) iNT]DOGANDHORSE: leave
(30:45 / All) iNT]DOGANDHORSE: YEP
(30:46 / All) iNT]DOGANDHORSE: quit
(30:52 / All) nutsonyochin.DE: leave children
(31:12 / All) iNT]DOGANDHORSE: Suicide more army THANKS